 Dungeon Crawl Stone Soup version 0.28.0-62-gf88900778d (webtiles) character file.

Game seed: 8393049566499771677

22718 cbfl8 the Impaler (level 13, -6/156 HPs)
             Began as a Merfolk Berserker on June 25, 2023.
             Was an Elder of Trog.
             Mangled by a slime creature (12 damage)
             ... on level 14 of the Dungeon.
             The game lasted 00:18:04 (19364 turns).

cbfl8 the Impaler (Merfolk Berserker)              Turns: 19364, Time: 00:18:05

Health: -6/156     AC: 28    Str: 23    XL:     13   Next: 2%
Magic:  13/13      EV: 10    Int: 14    God:    Trog [****..]
Gold:   833        SH:  0    Dex: 24    Spells: 12/12 levels left

rFire   . . .      SeeInvis +   z - +5 bardiche "Lorem Ipsum" {vorpal, Dex+2 SInv}
rCold   . . .      Faith    .   (shield currently unavailable)
rNeg    . . .      Spirit   .   h - +6 plate armour {rPois}
rPois   +          Reflect  .   s - +2 helmet of the Known World {Contam rElec Int+8}
rElec   +          Harm     .   g - +0 cloak
rCorr   .          Rampage  .   A - +0 pair of gloves {Str+3}
Will    .....                   y - +2 pair of boots
Stlth   ..........              F - amulet of the acrobat
HPRegen 0.36/turn               o - ring of see invisible
MPRegen 0.13/turn               G - +6 ring of dexterity

@: berserking, slowed
A: (nimble swimmer 2), mertail
a: Renounce Religion, Berserk, Trog's Hand, Brothers in Arms


You were on level 14 of the Dungeon.
You worshipped Trog.
Trog was greatly pleased with you.
You visited 1 branch of the dungeon, and saw 14 of its levels.

You collected 833 gold pieces.

Inventory:

Hand Weapons
 z - the +5 bardiche "Lorem Ipsum" (weapon) {vorpal, Dex+2 SInv}
   (You found it on level 10 of the Dungeon)

   It inflicts extra damage upon your enemies.
   Dex:       It affects your dexterity (+2).
   SInv:      It lets you see invisible.
 C - a +1 trident of freezing
Missiles
 x - a throwing net
Armour
 g - a +0 cloak (worn)
 h - a +6 plate armour of poison resistance (worn)
 s - the +2 helmet of the Known World (worn) {Contam rElec Int+8}
   (You took it off Robin on level 3 of the Dungeon)

   Int:       It affects your intelligence (+8).
   rElec:     It insulates you from electricity.
   Contam:    It causes magical contamination when unequipped.
 y - a +2 pair of boots (worn)
 A - a +0 pair of gloves of strength (worn)
Jewellery
 o - a ring of see invisible (left hand)
 p - a ring of fire
 F - an amulet of the acrobat (around neck)
 G - a +6 ring of dexterity (right hand)
Wands
 n - a wand of iceblast (7)
 t - a wand of acid (4) (quivered)
 B - a wand of polymorph (1)
 D - a wand of mindburst (15)
 H - a wand of paralysis (4)
Scrolls
 c - 2 scrolls of noise
 e - 2 scrolls of enchant weapon
 j - a scroll of summoning
 l - 4 scrolls of fear
 m - a scroll of holy word
 w - a scroll of blinking
 E - 3 scrolls of identify
Potions
 a - 2 potions of flight
 b - a potion of curing {unknown}
 d - a potion of haste
 f - a potion of resistance {unknown}
 i - 2 potions of attraction {unknown}
 k - 4 potions of heal wounds
 q - 3 potions of lignification {unknown}
 r - 2 potions of might {unknown}
 u - 2 potions of mutation {unknown}
 v - 2 potions of brilliance {unknown}


   Skills:
 + Level 10.4 Fighting
 + Level 18.6 Polearms
 + Level 7.9 Armour
 + Level 4.5 Dodging
 + Level 2.1 Stealth
 * Level 10.0 Evocations


You had 12 spell levels left.
You didn't know any spells.
Your spell library was empty.

Dungeon Overview and Level Annotations

Branches:
Dungeon (14/15)            Temple (0/1) D:5            Lair (0/6) D:11
    Orc (0/2) D:10
 Vaults: D:13-14

Altars:
Kikubaaqudgha
Qazlal
Ru
Sif Muna
Trog
Uskayaw
Yredelemnul
Zin
The Shining One
Beogh
Lugonu

Shops:
D:2 [   D:4 (   D:8 (

Portals:
Abyss: D:10 D:11

Annotations:
D:10 2 runed translucent doors
D:11 2 transporters, cbfl8's ghost, journeyman HOFi


Innate Abilities, Weirdness & Mutations

((You are very nimble when in or above water. (Stealth+, EV+, Speed+++)))
Your lower body shifts to a powerful aquatic tail in water.


Message History

Aim: a very large slime creature (heavily wounded, not susceptible)
Okay, then.
Aiming: Corrosive Bolt
Press: ? - help, Q - select action, (/) - cycle Shift-Dir - straight line, f - very large slime creature
Aim: a very large slime creature (heavily wounded, 95% to hit)
The bolt of acid hits the very large slime creature!!
The acid corrodes the very large slime creature!
The very large slime creature is heavily wounded.
The slime creature hits you but does no damage.
The very large slime creature hits you!!!
* * * LOW HITPOINT WARNING * * *
Two slime creatures merge to form a large slime creature.
The slime creature barely misses you.
The very large slime creature misses you.
Unknown command.
Aiming: Corrosive Bolt
Press: ? - help, Q - select action, (/) - cycle Shift-Dir - straight line, f/p - very large slime creature
Aim: a very large slime creature (heavily wounded, covered in acid, 95% to hit)
The bolt of acid hits the very large slime creature!!
The very large slime creature is severely wounded.
The slime creature hits you!
* * * LOW HITPOINT WARNING * * *
A very large slime creature splits.
A red film seems to cover your vision as you go berserk!
You feel yourself moving faster!
You feel mighty!
The slime creature completely misses you.
The large slime creature closely misses you.
The slime creature hits you but does no damage.
The large slime creature hits you!!
* * * LOW HITPOINT WARNING * * *
You slice the slime creature!!
You kill the slime creature!
Trog accepts your kill.
A large slime creature splits. x2
You slice the slime creature!!
You kill the slime creature!
Trog accepts your kill.
The slime creature completely misses you.
The slime creature hits you!
You die...

... ####... .. #...
#.# ##.# ##..# #..
#..# ### ##'#######
# #.......)# ####
#JJJ.....#######...
#.@J.....#.........
#........'.#####...
#........### #...
#........# #...
#........# #...
#........# #...
####+##### ##.# ##
... ###≈ #.#


You could see 4 slime creatures.

Vanquished Creatures
  Josephine (D:14)
  A rakshasa (D:13)
  2 hydras
  3 boulder beetles
  2 centaur warriors (D:13)
  A two-headed ogre (D:10)
  Pikel (D:8)
  A manticore (D:12)
  An ugly thing (D:13)
  2 gargoyles
  6 trolls
  5 slime creatures
  2 shadows
  6 wraiths
  2 steam dragons
  21 yaks
  Grum (D:8)
  12 vampire mosquitoes
  Menkaure (D:5)
  3 wargs (D:11)
  Duvessa (D:5)
  2 acid dragons
  4 orc warriors
  2 black bears
  3 necrophages
  An ogre (D:5)
  2 wolves (D:8)
  3 centaurs
  A lemure (D:8)
  A phantom (D:6)
  Blork the orc (D:5)
  2 bullfrogs (D:7)
  2 water moccasin zombies
  A wyvern zombie (D:8)
  2 gnoll sergeants
  A wyvern skeleton (D:7)
  Dowan (D:5)
  The ghost of AylatheWolf the Covered, a weakling MiFi (D:3)
  A water moccasin skeleton (D:6)
  10 killer bees
  18 wights
  6 howler monkeys
  2 electric eels (D:10)
  4 centaur zombies
  8 hounds
  2 bullfrog zombies
  4 orc priests
  2 gnoll shamans
  2 bullfrog skeletons (D:5)
  4 iguanas
  17 orc wizards
  A killer bee zombie (D:6)
  A hound skeleton (D:4)
  Robin (D:3)
  A howler monkey zombie (D:6)
  15 gnolls
  4 adders
  2 white imps
  An ufetubus (D:5)
  3 worms (D:2)
  3 dart slugs
  40 orcs
  4 endoplasms
  10 goblins (D:3)
  6 hobgoblins
  7 jackals (D:3)
  4 quokkas
  6 ball pythons
  3 bats (D:1)
  3 frilled lizards
  6 kobolds
  22 rats
  A spectral kobold (D:1)
329 creatures vanquished.

Vanquished Creatures (collateral kills)
  4 orc warriors (D:11)
  2 ogres (D:11)
  5 orc priests (D:11)
  14 orcs (D:11)
25 creatures vanquished.

Vanquished Creatures (others)
  An orc (D:8)
  A kobold (D:3)
2 creatures vanquished.

Grand Total: 356 creatures vanquished

Notes
Turn   | Place    | Note
-------+----------+-------------------------------------------
     0 | D:1      | cbfl8 the Merfolk Berserker began the quest for the Orb.
     0 | D:1      | Reached XP level 1. HP: 18/18 MP: 1/1
   160 | D:1      | Reached XP level 2. HP: 24/24 MP: 2/2
   415 | D:1      | Found a faded altar of an unknown god.
  1027 | D:2      | Reached skill level 1 in Evocations
  1292 | D:2      | Reached skill level 5 in Polearms
  1292 | D:2      | Reached XP level 3. HP: 7/29 MP: 3/3
  1908 | D:2      | Found Bitibupn's Armour Emporium.
  2326 | D:2      | You fall into a shaft and drop 2 floors!
  2342 | D:4      | Reached ** piety under Trog
  2349 | D:4      | Reached XP level 4. HP: 36/36 MP: 4/4
  2604 | D:3      | Found a bloodstained altar of Trog.
  2610 | D:3      | Reached skill level 1 in Stealth
  2612 | D:3      | Found a faded altar of an unknown god.
  2689 | D:3      | Identified the +2 helmet of the Known World {Contam rElec
                  | Int+8}
  2689 | D:3      | Noticed Robin
  2704 | D:3      | Killed Robin
  2711 | D:3      | Reached skill level 6 in Polearms
  2716 | D:3      | Reached XP level 5. HP: 34/42 MP: 5/5
  2823 | D:3      | Noticed AylatheWolf's ghost (weakling MiFi)
  2824 | D:3      | Found a runed translucent gate.
  2824 | D:3      | Found a runed translucent gate.
  2824 | D:3      | Found a runed translucent gate.
  2824 | D:3      | Identified the +2 scale mail "Xoynwot" {rC+ Int+6 Stlth+}
  3041 | D:3      | Identified the +1 ring mail "Aplis" {rF+}
  3135 | D:3      | Found a stormy altar of Qazlal.
  4129 | D:4      | Reached XP level 6. HP: 48/48 MP: 6/6
  4142 | D:4      | Reached *** piety under Trog
  4273 | D:4      | Found Elewaisi's Weapon Shoppe.
  4569 | D:4      | Reached skill level 7 in Polearms
  4921 | D:5      | Entered Level 5 of the Dungeon
  4921 | D:5      | Noticed Dowan
  4931 | D:5      | Noticed Duvessa
  4948 | D:5      | Killed Duvessa
  4952 | D:5      | Killed Dowan
  4953 | D:5      | Reached skill level 8 in Polearms
  4953 | D:5      | Reached XP level 7. HP: 55/55 MP: 7/7
  5343 | D:5      | Noticed Blork the orc
  5353 | D:5      | Killed Blork the orc
  5450 | D:5      | Reached skill level 9 in Polearms
  5507 | D:5      | Found a glowing golden altar of the Shining One.
  5618 | D:5      | Noticed Menkaure
  5629 | D:5      | Killed Menkaure
  5630 | D:5      | Reached skill level 5 in Fighting
  5630 | D:5      | Reached XP level 8. HP: 54/62 MP: 8/8
  5676 | D:5      | Found a staircase to the Ecumenical Temple.
  5933 | D:5      | Reached skill level 10 in Polearms
  6595 | D:5      | Reached **** piety under Trog
  7069 | D:5      | Found an ancient bone altar of Kikubaaqudgha.
  7133 | D:5      | Found a shimmering blue altar of Sif Muna.
  7543 | D:6      | Reached skill level 11 in Polearms
  7848 | D:6      | Reached XP level 9. HP: 69/69 MP: 9/9
  7932 | D:7      | Reached skill level 5 in Evocations
  8138 | D:3      | Killed AylatheWolf's ghost
  8649 | D:7      | Reached skill level 12 in Polearms
  9873 | D:7      | Found a sacrificial altar of Ru.
 10099 | D:7      | Found a hide-covered altar of Uskayaw.
 11038 | D:8      | Reached skill level 13 in Polearms
 11380 | D:8      | Noticed Pikel
 11380 | D:8      | Noticed Grum
 11396 | D:8      | Killed Pikel
 11397 | D:8      | Reached XP level 10. HP: 79/79 MP: 10/10
 11403 | D:8      | Killed Grum
 11793 | D:8      | Reached skill level 14 in Polearms
 11793 | D:8      | Found Roniph's Weapon Boutique.
 11933 | D:8      | Reached skill level 5 in Armour
 12008 | D:8      | Found a glowing silver altar of Zin.
 12008 | D:8      | Noticed an angel
 13195 | D:10     | Entered Level 10 of the Dungeon
 13195 | D:10     | Noticed a two-headed ogre
 13201 | D:10     | Killed a two-headed ogre
 13226 | D:10     | Reached XP level 11. HP: 86/86 MP: 11/11
 13246 | D:10     | Reached skill level 15 in Polearms
 13368 | D:10     | Found a large runed translucent door.
 13370 | D:10     | Found a large runed translucent door.
 13465 | D:10     | Found a staircase to the Orcish Mines.
 13504 | D:10     | Noticed a brown ugly thing
 13505 | D:10     | Identified the +9 dagger "Rouh" {distort, rC+}
 13505 | D:10     | Identified the +2 robe "Adoz" {rPois rCorr}
 13509 | D:11     | Found a transporter.
 14005 | D:10     | Found a corrupted altar of Lugonu.
 14005 | D:10     | Noticed a purple ugly thing
 14201 | D:10     | Identified the +5 bardiche "Lorem Ipsum" {vorpal, Dex+2
                  | SInv}
 14219 | D:10     | Found a one-way gate to the infinite horrors of the Abyss.
 14251 | D:10     | Found a basalt altar of Yredelemnul.
 14659 | D:11     | Noticed a cyan ugly thing
 14664 | D:11     | Noticed a rakshasa
 14668 | D:11     | Noticed a skeletal warrior
 14684 | D:11     | Noticed cbfl8's ghost (journeyman HOFi)
 15032 | D:11     | Found a transporter.
 15129 | D:11     | Noticed a boulder beetle
 15142 | D:11     | Killed a boulder beetle
 15217 | D:11     | Found a staircase to the Lair.
 15232 | D:11     | Reached skill level 16 in Polearms
 15247 | D:11     | Reached ***** piety under Trog
 15525 | D:11     | Reached XP level 12. HP: 54/95 MP: 12/12
 16921 | D:12     | Reached skill level 17 in Polearms
 17258 | D:12     | Noticed a boulder beetle
 17273 | D:12     | Killed a boulder beetle
 17832 | D:13     | Noticed a boulder beetle
 17852 | D:13     | Killed a boulder beetle
 17936 | D:13     | Noticed a centaur warrior
 17943 | D:13     | Killed a centaur warrior
 18093 | D:13     | Noticed a centaur warrior
 18095 | D:13     | Killed a centaur warrior
 18214 | D:13     | Noticed a rakshasa
 18224 | D:13     | Killed a rakshasa
 18225 | D:13     | Reached skill level 10 in Fighting
 18597 | D:13     | Noticed a six-headed hydra
 18609 | D:13     | Killed a nine-headed hydra
 18610 | D:13     | Reached skill level 18 in Polearms
 19222 | D:14     | Noticed a seven-headed hydra
 19235 | D:14     | Killed a seven-headed hydra
 19300 | D:14     | Noticed Josephine
 19306 | D:14     | Killed Josephine
 19319 | D:14     | Reached skill level 10 in Evocations
 19319 | D:14     | Reached XP level 13. HP: 104/104 MP: 13/13
 19362 | D:14     | HP: 5/156 [large slime creature (25)]
 19364 | D:14     | Mangled by a slime creature

Illustrated notes

Levels and vault maps discovered:
D:1:      sevenhm_arrival_forest_fort_large_4, layout_loops_ring,
          dreamdust_ecumenical_altar_drowned_temple
D:2:      layout_loops_ring, serial_shops, shop, grunt_decor_one_mirror
D:3:      layout_basic, grunt_qazlal_clouds, nicolae_overflow_ecumenical_swirl,
          biasface_ghost_orc_armoury, minmay_misc_feat_doors,
          skrybe_limestone_x, uniq_robin
D:4:      layout_loops_ring, serial_shops, shop, minmay_rat_hole
D:5:      layout_layer_cave, kennysheep_orc_sif_temple,
          nicolae_overflow_crystal_walls, pf_just_have_faith, temple_statues,
          minmay_pentangle, uniq_duvessa, uniq_blork_the_orc, uniq_menkaure
D:6:      layout_basic
D:7:      layout_layer_cave, mainiacjoe_overflow_paths,
          mainiacjoe_overflow_chevrons, minmay_curled_crystal
D:8:      layout_rooms, zin_angel, serial_glass, glass_columns_a,
          glass_columns_a, serial_shops, nicolae_shop_bloodbath_and_beyond,
          uniq_grum, uniq_pikel
D:9:      layout_roguey, kennysheep_generic_room_6
D:10:     due_chaos_kobolds, layout_basic, kennysheep_mini, orc_0_dummy
D:11:     layout_roguey, erik_lair_orcish_takeover,
          gammafunk_ghost_abyssal_escape, special_room [special_room_orc]
D:12:     layout_layer_cave, nicolae_figureground_pulse
D:13:     layout_basic, minmay_misc_feat_pillars
D:14:     layout_roguey, david_vaults_5, amcnicky_mini_rare_corridor_liquid,
          portal_ice_cave_entry_horrid_things, uniq_josephine

Skill      XL: |  1  2  3  4  5  6  7  8  9 10 11 12 |
---------------+-------------------------------------+-----
Evocations     | 1 2 3 4 6 7 8 10 | 10.0
Polearms       | 5 6 8 9 11 13 14 16 18 | 18.6
Dodging        | 3 4 |  4.5
Stealth        | 1 2 |  2.1
Fighting       | 4 5 7 8 9 10 | 10.4
Armour         | 2 3 4 5 7 |  7.9

Action                   |  1- 3 |  4- 6 |  7- 9 | 10-12 | 13-15 || total
-------------------------+-------+-------+-------+-------+-------++-------
Melee: Spear             |    57 |       |       |       |       ||    57
       Trident           |    70 |   180 |   453 |   362 |       ||  1065
       Tailslap          |     1 |       |       |     1 |       ||     2
       Punch             |       |       |     4 |     4 |       ||     8
       Bardiche          |       |       |       |   257 |    10 ||   267
Invok: Berserk           |     2 |     2 |     6 |     5 |     1 ||    16
       Trog's Hand       |       |       |       |     2 |       ||     2
       Brothers in Arms  |       |       |       |     1 |       ||     1
Evoke: Wand              |       |       |       |       |     2 ||     2
  Use: Scroll            |     1 |       |    14 |     6 |       ||    21
 Stab: Sleeping          |     4 |     1 |       |       |       ||     5
       Distracted        |       |     1 |       |       |       ||     1
Armor: Animal skin       |    29 |    34 |       |       |       ||    63
       Plate armour      |       |    49 |   367 |   444 |    13 ||   873
       Ring mail         |       |     8 |       |       |       ||     8
Dodge: Dodged            |   104 |   108 |   145 |   243 |     9 ||   609
